AoeStats
← Sebastian2Go

Arabia

505120520Analyzed
1v1 RM · 25d ago on Sep 7, 2026· 48m 4s· 2 players
Game mode
Random Map
Map size
Tiny (2 player)
Population
200
Speed
Normal
Resources
Standard
Victory
Conquest
Starting age
Dark Age
Ending age
Imperial Age
RankedLock teamsTeams togetherTeam positionsShared explorationLock speedFull tech treeHidden civsTurbo modeCheats
Victory
Defeat
🇦🇷 Teutons · Argentina
563
+14
🇨🇴 Inca · Colombia
517
-17
Sebastian2Go
16:13 Feudal Age
16:41 Double-Bit Axe
16:39 Horse Collar
17:18 Loom
22:00 Gold Mining
22:00 Stone Mining
26:14 Castle Age
30:31 Squires
29:52 Champi Runner
29:54 Pikeman
31:21 Heavy Plow
31:32 Bow Saw
33:01 Wheelbarrow
32:13 Town Watch
34:40 Gold Shaft Mining
34:24 Champi Warrior
35:45 Padded Archer Armor
35:36 Fletching
35:56 Forging
35:46 Scale Mail Armor
37:27 Stone Shaft Mining
38:15 Arson
40:06 Leather Archer Armor
39:46 Bodkin Arrow
39:36 Crossbowman
39:36 Elite Skirmisher
42:16 Hand Cart
43:01 Town Patrol
46:15 Imperial Age
44:07 Chain Mail Armor
44:41 Iron Casting
leandro0191
9:31 Loom
12:40 Feudal Age
18:01 Castle Age
16:51 Double-Bit Axe
16:49 Horse Collar
20:15 Bow Saw
20:22 Heavy Plow
25:26 Bloodlines
25:44 Stone Mining
25:47 Gold Mining
25:50 Elite Skirmisher
27:54 Wheelbarrow
27:48 Fletching
27:59 Padded Archer Armor
28:11 Forging
28:07 Scale Barding Armor
28:56 Scale Mail Armor
29:16 Hand Cart
28:53 Town Watch
31:30 Town Patrol
33:18 Stone Shaft Mining
32:56 Pikeman
33:37 Squires
33:24 Arson
37:53 Imperial Age
36:08 Masonry
36:19 Ballistics
36:43 Iron Casting
38:12 Cavalier
39:32 Conscription
39:50 Hoardings
40:00 Chain Barding Armor
40:41 Blast Furnace
41:22 Elite Teutonic Knight
42:50 Coinage
42:31 Guilds
44:32 Banking
43:41 Paladin
45:23 Plate Barding Armor
45:05 Leather Archer Armor
47:41 Chemistry
47:23 Chain Mail Armor
Connection lost

Rejoining the realm…

Still unreachable

The connection could not be restored.

Session expired

The server has moved on; the page needs a fresh start.